 Dungeon Crawl Stone Soup version 0.26-a0-466-g989023bd0d (webtiles) character file.

Game seed: 9711347572551501945

638 FluffGlitter the Insei (level 7, -10/45 HPs)
             Began as an Octopode Transmuter on Aug 1, 2020.
             Was a Follower of Makhleb.
             Mangled by an orc warrior
             ... wielding a +0 short sword
              (15 damage)
             ... on level 4 of the Dungeon.
             The game lasted 00:22:55 (6753 turns).

FluffGlitter the Insei (Octopode Transmuter)        Turns: 6753, Time: 00:22:55

Health: -10/45     AC:  1    Str: 11    XL:     7   Next: 50%
Magic:  19/19      EV: 14    Int: 22    God:    Makhleb [*.....]
Gold:   218        SH:  0    Dex: 12    Spells: 10/11 levels left

rFire    . . .     SeeInvis .     - Unarmed
rCold    . . .     Faith    .   (no shield)
rNeg     . . .     Spirit   .   (helmet currently unavailable)
rPois    .         Reflect  .   (no amulet)
rElec    .         Harm     .   f - +6 ring of intelligence
rCorr    .                      k - ring of magical power
MR       .....                  r - ring of stealth
Stlth    ++++......             (no ring)
HPRegen  0.15/turn              (no ring)
MPRegen  0.16/turn              (no ring)
                                (no ring)
                                (no ring)

@: appendages
A: almost no armour, stealthy swim, amphibious, 8 rings, constrict 8, tentacle
spike 3, camouflage 1, gelatinous body 1
a: End Transformation, Renounce Religion


You were on level 4 of the Dungeon.
You worshipped Makhleb.
Makhleb was aware of your devotion.
One of your tentacles had a temporary spike.
You visited 1 branch of the dungeon, and saw 5 of its levels.

You collected 218 gold pieces.

Inventory:

Hand Weapons
 b - a +1 hunting sling
   (You found it on level 2 of the Dungeon)
Missiles
 a - 276 stones (quivered)
 g - 23 poisoned darts
 n - 33 sling bullets
Jewellery
 f - a +6 ring of intelligence (left tentacle)
   (You found it on level 1 of the Dungeon)
 k - a ring of magical power (right tentacle)
   (You found it on level 1 of the Dungeon)
 r - a ring of stealth (on tentacle)
   (You found it on level 4 of the Dungeon)
Scrolls
 c - 6 scrolls of teleportation {@r4}
 d - 2 scrolls of remove curse {@r2}
 e - a scroll of identify {@r1}
 h - a scroll of magic mapping
 j - a scroll of amnesia
Potions
 l - a potion of flight {unknown}
 m - a potion of might
 o - a potion of stabbing {unknown}
 q - a potion of haste {unknown}
 u - a potion of invisibility {unknown}


   Skills:
 - Level 2.0 Fighting
 - Level 2.7 Dodging
 - Level 2.6 Stealth
 + Level 5.7 Unarmed Combat
 - Level 2.5 Spellcasting
 + Level 5.1 Transmutations


You had 10 spell levels left.
You knew the following spells:

 Your Spells              Type           Power        Failure   Level
a - Beastly Appendage     Tmut           ####..       1%          1

Your spell library contained the following spells:

 Spells                   Type           Power        Failure   Level
 Wereblood                Tmut           ####....     2%          2
 Spider Form              Tmut/Pois      ##........   14%         3
 Ice Form                 Ice/Tmut       ##......     41%         4
 Blade Hands              Tmut           ####......   41%         5


Dungeon Overview and Level Annotations

Branches:
Dungeon (5/15)             Temple (0/1) D:4

Altars:
Dithmenos
Kikubaaqudgha
Makhleb
Sif Muna
Xom

Annotations:
D:3 2 transporters, Eptagon's ghost, amateur OpFi


Innate Abilities, Weirdness & Mutations

You cannot wear most types of armour.
You are very stealthy in the water. (Stealth+)
You are amphibious.
You can wear up to eight rings at the same time.
You can use your tentacles to constrict eight enemies at once.
Your skin changes colour to match your surroundings (Stealth+).
Your rubbery body absorbs attacks. (AC +1, EV +1)
One of your tentacles bears a large vicious spike.


Message History

The adder hisses angrily.
You completely miss the adder. Your grab misses the adder.
The adder closely misses you.
You miss the adder. You grab the adder. You constrict the adder.
The adder misses you. The adder completely misses you.
You tentacle-slap the adder. You constrict the adder. The adder bites you.
You barely miss the adder. Your squeeze misses the adder.
You constrict the adder. The adder bites you but does no damage.
You tentacle-slap the adder but do no damage.
You squeeze the adder.
You kill the adder!
Makhleb accepts your kill.
You start resting.
You see here 18 arrows.
An orc and an orc warrior come into view.
The orc shouts!
The orc moves out of view.
An orc comes into view.
The orc warrior shouts!
There is a stone staircase leading up, spattered with blood here.
The orc warrior misses you.
You climb upwards.
There is a stone staircase leading down here.
You don't know that spell.
One of your tentacles grows a vicious spike.
The orc warrior hits you with a +0 short sword!
You tentacle-slap the orc warrior but do no damage.
You grab the orc warrior. You constrict the orc warrior.
The orc warrior closely misses you.
You tentacle-slap the orc warrior but do no damage.
You constrict the orc warrior, but do no damage.
You bludgeon the orc warrior!
You constrict the orc warrior, but do no damage.
The orc warrior hits you with a +0 short sword!
You tentacle-slap the orc warrior but do no damage.
You pierce the orc warrior, but do no damage.
You constrict the orc warrior.
The orc warrior hits you with a +0 short sword!
* * * LOW HITPOINT WARNING * * *
You tentacle-slap the orc warrior but do no damage.
You constrict the orc warrior. The orc warrior misses you.
Unknown command.
You tentacle-slap the orc warrior but do no damage.
You pierce the orc warrior, but do no damage.
You constrict the orc warrior.
The orc warrior hits you with a +0 short sword.
* * * LOW HITPOINT WARNING * * *
You tentacle-slap the orc warrior. You constrict the orc warrior.
The orc warrior hits you with a +0 short sword!
You die...

########## #######
#........# #......
#.######.#########.#####
#.# #.............# #
#.# #.............#####
#.# #.............#....
#.# #.............#.###
#.# #.@..........[.....
#.# #o..##########.....
#.# #......# #.....
#.####......#######.....
#.#.........##....#.....
#.#.........##....#.....
#.................#.....
###.............).#.....
#...............+.....


You could see an orc warrior.

Vanquished Creatures
  A sky beast (D:4)
  An ice beast (D:5)
  A scorpion (D:4)
  A bullfrog zombie (D:2)
  An iguana (D:4)
  2 bullfrog skeletons (D:4)
  A worker ant (D:5)
  A hound skeleton (D:5)
  2 howler monkey zombies (D:5)
  11 adders
  2 gnolls (D:5)
  2 oozes
  A worm (D:4)
  2 dart slugs (D:2)
  4 leopard geckos
  2 orcs
  8 bats
  3 giant cockroaches
  7 goblins
  12 hobgoblins
  10 jackals
  6 quokkas
  9 frilled lizards
  6 kobolds
  9 rats
105 creatures vanquished.

Notes
Turn   | Place    | Note
-------+----------+-------------------------------------------
     0 | D:1      | FluffGlitter the Octopode Transmuter began the quest for
                  | the Orb.
     0 | D:1      | Reached XP level 1. HP: 13/13 MP: 3/3
   254 | D:1      | Reached skill level 1 in Stealth
   254 | D:1      | Reached XP level 2. HP: 16/18 MP: 5/5
  1268 | D:2      | Reached XP level 3. HP: 23/23 MP: 6/6
  2635 | D:2      | Reached XP level 4. HP: 29/29 MP: 7/7
  2871 | D:2      | Reached XP level 5. HP: 21/34 MP: 8/8
  3179 | D:3      | Found a transporter.
  3183 | D:3      | Noticed Eptagon's ghost (amateur OpFi)
  3366 | D:3      | Found a transporter.
  3493 | D:3      | Found a burning altar of Makhleb.
  3493 | D:3      | Noticed a cacodemon
  3510 | D:3      | Noticed a neqoxec
  3510 | D:3      | Noticed a smoke demon
  3514 | D:3      | Became a worshipper of Makhleb the Destroyer
  4596 | D:5      | Entered Level 5 of the Dungeon
  4643 | D:4      | Reached * piety under Makhleb
  4643 | D:4      | Reached XP level 6. HP: 39/39 MP: 9/9
  5092 | D:4      | Found a staircase to the Ecumenical Temple.
  5539 | D:5      | Noticed a sky beast
  5727 | D:4      | Found a shimmering altar of Xom.
  5741 | D:4      | Found a shimmering blue altar of Sif Muna.
  5750 | D:4      | Found an ancient bone altar of Kikubaaqudgha.
  5760 | D:4      | Found a shadowy altar of Dithmenos.
  5943 | D:5      | Noticed an ice beast
  5956 | D:5      | Killed an ice beast
  5956 | D:5      | Reached skill level 5 in Unarmed Combat
  5956 | D:5      | Reached XP level 7. HP: 45/45 MP: 10/10
  6401 | D:4      | Reached skill level 5 in Transmutations
  6753 | D:4      | Mangled by an orc warrior

Illustrated notes

Levels and vault maps discovered:
D:1:      dpeg_arrival_line_fractal, layout_loops_corners
D:2:      layout_loops_corners
D:3:      layout_loops_ring, gammafunk_ghost_arena, makhleb_altar_promises_db
D:4:      layout_basic, nicolae_overflow_quartered_altars,
          minmay_temple_entry_trees
D:5:      layout_cave_pods, nicolae_ru_awakened_eye,
          yredelemnul_forgotten_temple_becter, tgw_trog, feat_on_display

Skill      XL: |  1  2  3  4  5  6  7 |
---------------+----------------------+-----
Stealth        | 1 2 |  2.6
Fighting       | 2 |  2.0
Transmutations | 3 4 5 |  5.1
Unarmed Combat | 4 5 |  5.7
Dodging        | |  2.7
Spellcasting   | |  2.5

Action                   |  1- 3 |  4- 6 |  7- 9 || total
-------------------------+-------+-------+-------++-------
Melee: Unarmed           |    87 |   171 |    45 ||   303
       Constrict         |    21 |    41 |     8 ||    70
       Tentacles         |    15 |    21 |     9 ||    45
       Punch             |     2 |     6 |     2 ||    10
       Kick              |       |     1 |     5 ||     6
Throw: Stone             |    10 |    14 |    11 ||    35
 Cast: Beastly Appendage |     1 |     3 |     3 ||     7
  Use: Scroll            |       |       |     9 ||     9
 Stab: Distracted        |     1 |     1 |       ||     2
       Sleeping          |    11 |    12 |     1 ||    24
Armor: Skin              |     6 |     9 |     4 ||    19
Dodge: Dodged            |    43 |   106 |    25 ||   174

Table legend: (Time is in decaauts)
 A = Elapsed time spent in this place.
 B = Non-inter-level travel time spent in this place.
 C = Inter-level travel time spent in this place.
 D = Time resting spent in this place.
 E = Time spent auto-exploring this place.
 F = Levels seen in this place.
 G = Mean time per level.
                   A        B        C        D        E       F      G
               +--------+--------+--------+--------+--------+-----+--------+
         Total |   6747 |   6524 |    223 |   2660 |   2591 |   5 | 1349.4 |
       Dungeon |   6747 |   6524 |    223 |   2660 |   2591 |   5 | 1349.4 |
               +--------+--------+--------+--------+--------+-----+--------+

Top non-repeatable levels by time:
     D:2: 1932 daAuts
     D:4: 1738 daAuts
     D:3: 1656 daAuts
     D:1: 1076 daAuts
     D:5: 342 daAuts
